 Dungeon Crawl Stone Soup version 0.21.1-1-g345015f (webtiles) character file.

106 pom the Skirmisher (level 4, -12/41 HPs)
             Began as a Minotaur Abyssal Knight on May 6, 2018.
             Was a Follower of Lugonu.
             Killed by divine providence
             ... invoked by an orc priest
              (16 damage)
             ... on level 3 of the Dungeon.
             The game lasted 00:21:54 (2414 turns).

pom the Skirmisher (Minotaur Abyssal Knight)        Turns: 2414, Time: 00:21:58

Health: -12/41     AC:  4    Str: 18    XL:     4   Next: 55%
Magic:  4/4        EV: 12    Int:  9    God:    Lugonu [*.....]
Gold:   69         SH:  0    Dex:  9    Spells: 3/3 levels left

rFire    . . .     SeeInvis .   a - +1 hand axe
rCold    . . .     Gourm    .   (no shield)
rNeg     . . .     Faith    .   b - +1 leather armour
rPois    .         Spirit   .   (helmet restricted)
rElec    .         Reflect  .   (no cloak)
rCorr    .         Harm     .   (no gloves)
MR       .....                  (no boots)
Stlth    +.........             (no amulet)
HPRegen  0.13/turn              (no ring)
MPRegen  0.09/turn              (no ring)

@: no status effects
A: retaliatory headbutt, horns 2
a: Depart the Abyss, Renounce Religion


You were on level 3 of the Dungeon.
You worshipped Lugonu.
Lugonu was aware of your devotion.
You were not hungry.

You visited 1 branch of the dungeon, and saw 3 of its levels.
You visited the Abyss 1 time.

You collected 69 gold pieces.

Inventory:

Hand Weapons
 a - a +1 hand axe (weapon)
 d - a +0 spear
 f - a +0 hand axe
Missiles
 e - 19 arrows
 k - 5 stones (quivered)
Armour
 b - a +1 leather armour (worn)
 g - a +0 ring mail
Jewellery
 c - a +4 ring of evasion {unknown}
 j - an uncursed ring of flight {unknown}
Scrolls
 i - a scroll of fog {unknown}
 l - 3 scrolls of magic mapping {unknown}
 m - a scroll of random uselessness {unknown}


   Skills:
 + Level 4.8 Fighting
 + Level 3.8 Axes
 + Level 3.1 Armour
 + Level 1.9 Dodging
 + Level 0.4 Stealth
 + Level 1.9 Invocations


You had 3 spell levels left.
You didn't know any spells.

Dungeon Overview and Level Annotations

Branches:
Dungeon (3/15)

Altars:


Innate Abilities, Weirdness & Mutations

You reflexively headbutt those who attack you in melee.
You have a pair of horns on your head.


Message History

A rat comes into view.
You see here a short sword.
You slash the orc!
You kill the orc!
Lugonu accepts your kill.
You hit the hobgoblin. You barely miss the orc priest. You hit the gnoll.
The gnoll hits you with a flail!
The orc priest hits you but does no damage.
The hobgoblin hits you with a club. The hobgoblin misses you.
Items here: ) [ †† a whip; a chain mail; an orc corpse x2
There are monsters nearby!
You barely miss the gnoll.
The gnoll is lightly wounded.
You hit the hobgoblin. The gnoll hits you with a flail!
* * * LOW HITPOINT WARNING * * *
The orc priest calls down the wrath of Beogh upon you.
Beogh smites you!
You die...

....#
#####....
#####.....).#
............#
............#
............#
....%.......#
<......o<...#
....o.og@...#
......gg)).(#
.......o.?..#
##..#########
#8g .. .


You could see 2 orc priests, 3 gnolls, 2 orcs and a hobgoblin.

Vanquished Creatures
  4 adders (D:2)
  An ooze (D:2)
  2 dart slugs (D:1)
  A leopard gecko (D:2)
  6 orcs (D:3)
  2 giant cockroaches
  7 goblins
  7 hobgoblins
  4 jackals (D:2)
  4 kobolds (D:2)
  A quokka (D:2)
  7 bats
  4 frilled lizards
  2 rats (D:2)
52 creatures vanquished.

Notes
Turn   | Place    | Note
-------+----------+-------------------------------------------
     0 | Abyss:1  | pom the Minotaur Abyssal Knight began the quest for the Orb.
     0 | Abyss:1  | Reached XP level 1. HP: 19/19 MP: 1/1
   120 | Abyss:1  | Noticed a stone giant skeleton
   129 | D:1      | Escaped the Abyss
   336 | D:1      | Reached skill level 4 in Fighting
   394 | D:1      | Reached XP level 2. HP: 24/27 MP: 2/2
   821 | D:2      | Reached * piety under Lugonu
  1511 | D:2      | Reached XP level 3. HP: 14/34 MP: 3/3
  2212 | D:2      | Reached XP level 4. HP: 30/41 MP: 4/4
  2414 | D:3      | Killed from afar by an orc priest

Skill      XL: |  1  2  3 |
---------------+----------+-----
Fighting       | 4 |  4.8
Axes           | 3 |  3.8
Armour         | 3 |  3.1
Dodging        | |  1.9
Stealth        | |  0.4
Invocations    | |  1.9

Action                   |  1- 3 |  4- 6 || total
-------------------------+-------+-------++-------
Melee: Hand axe          |    66 |    25 ||    91
       Headbutt          |     5 |     2 ||     7
Invok: Depart the Abyss  |     1 |       ||     1
  Use: Scroll            |     4 |       ||     4
  Eat: Ration            |     1 |     1 ||     2
Armor: Leather armour    |    31 |    15 ||    46
Dodge: Dodged            |    44 |    27 ||    71
